 Dungeon Crawl Stone Soup version 0.21-a0-82-gdb84782 (webtiles) character file.

207 Rrauwl the Bolt Thrower (level 5, 0/42 HPs)
             Began as a Gnoll Arcane Marksman on June 24, 2017.
             Slain by an orc wizard
             ... wielding a +0 flail
              (10 damage)
             ... on level 3 of the Dungeon.
             The game lasted 00:07:35 (2082 turns).

Rrauwl the Bolt Thrower (Gnoll Arcane Marksman)     Turns: 2082, Time: 00:07:36

Health: 0/42       AC:  3    Str: 10    XL:     5   Next: 85%
Magic:  8/8        EV: 16    Int: 18    God:
Gold:   51         SH:  0    Dex: 15    Spells: 4/8 levels left

rFire    . . .     SeeInvis .   a - +0 whip
rCold    . . .     Gourm    .   (no shield)
rNeg     . . .     Faith    .   e - +1 robe
rPois    .         Spirit   .   (no helmet)
rElec    .         Reflect  .   o - scarf {repulsion}
rCorr    .         Harm     .   (no gloves)
MR       .....                  (no boots)
Stlth    +.........             j - amulet of regeneration
HPRegen  0.54/turn              n - +5 ring of intelligence
MPRegen  0.11/turn              (no ring)

@: repel missiles
A: short attention span, fangs 1, strong nose
a: no special abilities


You were on level 3 of the Dungeon.
You were not hungry.

You visited 1 branch of the dungeon, and saw 3 of its levels.

You collected 51 gold pieces.

Inventory:

Hand Weapons
 a - a +0 whip (weapon)
 c - a +2 hand crossbow
Missiles
 d - 2 bolts
Armour
 e - a +1 robe (worn)
 o - a scarf of repulsion (worn)
Jewellery
 h - an uncursed amulet of magic regeneration
 j - an amulet of regeneration (around neck)
 n - a +5 ring of intelligence (left hand)
Scrolls
 b - 5 scrolls of teleportation
 l - 2 scrolls of identify
 m - 2 scrolls of amnesia {unknown}
 p - a scroll of remove curse
Potions
 k - a potion of ambrosia
Books
 g - a book of Debilitation

   Spells                             Type                      Level
   a - Corona                         Hexes                        1
   b - Slow                           Hexes                        2
   c - Inner Flame                    Hexes/Fire                   3
   d - Portal Projectile              Hexes/Translocation          3
   e - Cause Fear                     Hexes                        4
   f - Leda's Liquefaction            Hexes/Earth                  4
Comestibles
 f - 2 bread rations
 i - 9 chunks of flesh
 q - a meat ration


   Skills:
 + Level 3.8 Fighting
 + Level 2.7 Maces & Flails
 + Level 6.0 Crossbows
 + Level 5.9 Dodging
 - Level 2.1 Spellcasting
 - Level 5.1 Hexes


You had 4 spell levels left.
You knew the following spells:

 Your Spells              Type           Power        Failure   Level  Hunger
a - Corona                Hex            ###....      2%          1    #......
b - Inner Flame           Hex/Fire       ##......     19%         3    ###....


Dungeon Overview and Level Annotations

Branches:
Dungeon (3/15)

Altars:
Elyvilon
Zin


Innate Abilities, Weirdness & Mutations

You have a short attention span.
You have very sharp teeth.
Your uncanny sense of smell can sniff out nearby items.


Message History

The orc wizard is severely wounded.
The orc wizard points at you and mumbles some strange words.
The magic dart hits you!
An orc comes into view. It is wielding an enchanted dagger.
You hit the orc wizard.
The orc wizard is almost dead.
The orc wizard points at you and mumbles some strange words.
The puff of flame misses you.
The orc wizard points at you and mumbles some strange words.
The puff of flame misses you.
You hit the orc wizard.
The orc wizard is almost dead.
The orc wizard closely misses you.
You closely miss the orc wizard.
The orc wizard is almost dead.
The orc wizard gestures at you while chanting.
The puff of flame hits you!
* * * LOW HITPOINT WARNING * * *
The orc wizard hits you with a flail!
You die...

.....o....#######)#
...........(...#..#
.........#####...##
.........## ###.#
....<.....## #.#
.>.........#####.#
...........(..##.#
..........###.##.#
..........# #.##@#
.........####..oo####
#...)....##.....o...#
[.....%...#.........#
...... #.........#
###########


You could see 2 orc wizards and an orc.

Vanquished Creatures
  An orc priest (D:3)
  Terence (D:3)
  Natasha (twice) (D:3)
  2 adders (D:2)
  3 gnolls (D:3)
  2 worms (D:2)
  A dart slug (D:1)
  A leopard gecko (D:3)
  2 orcs (D:3)
  3 giant cockroaches (D:2)
  2 goblins
  9 hobgoblins
  4 kobolds
  A quokka (D:2)
  A ball python (D:3)
  3 bats
  6 frilled lizards
  8 rats
52 creatures vanquished.

Notes
Turn   | Place    | Note
-------+----------+-------------------------------------------
     0 | D:1      | Rrauwl the Gnoll Arcane Marksman began the quest for the Orb.
     0 | D:1      | Reached XP level 1. HP: 16/16 MP: 3/3
   114 | D:1      | Reached skill level 5 in Hexes
   168 | D:1      | Reached XP level 2. HP: 18/22 MP: 5/5
   679 | D:1      | Reached skill level 4 in Crossbows
   943 | D:2      | HP: 1/22 [worm (11)]
  1055 | D:2      | Reached XP level 3. HP: 20/27 MP: 6/6
  1418 | D:2      | Reached skill level 5 in Crossbows
  1423 | D:2      | Learned a level 3 spell: Inner Flame
  1434 | D:2      | Reached XP level 4. HP: 32/33 MP: 7/7
  1532 | D:2      | Found a glowing silver altar of Zin.
  1621 | D:3      | Noticed Natasha
  1716 | D:3      | Found a white marble altar of Elyvilon.
  1786 | D:3      | Noticed Terence
  1795 | D:3      | Killed Terence
  1795 | D:3      | Reached skill level 5 in Dodging
  1961 | D:3      | Reached skill level 1 in Maces & Flails
  1961 | D:3      | Reached XP level 5. HP: 41/41 MP: 4/8
  2030 | D:3      | Killed Natasha
  2042 | D:3      | Noticed Natasha
  2044 | D:3      | Killed Natasha
  2052 | D:3      | Reached skill level 6 in Crossbows
  2082 | D:3      | Slain by an orc wizard

Vault maps used:
D:1:      lemuel_arrival_river_ford
D:2:      marbit_many_paths, minmay_pentomino_q4
D:3:      elyvilon_altar_1, first_bread, minivault_24, kennysheep_orc_chapel,
          uniq_terence, uniq_natasha

Skill      XL: |  1  2  3  4  5 |
---------------+----------------+-----
Hexes          | 5 |  5.1
Spellcasting   | 2 |  2.1
Fighting       | 2 3 |  3.8
Crossbows      | 4 5 6 |  6.0
Dodging        | 4 5 |  5.9
Maces & Flails | 1 2 |  2.7

Action                   |  1- 3 |  4- 6 || total
-------------------------+-------+-------++-------
Melee: Whip              |    88 |    76 ||   164
       Bite              |    12 |     7 ||    19
 Fire: Hand crossbow     |    40 |    28 ||    68
 Cast: Inner Flame       |       |     1 ||     1
  Use: Scroll            |     9 |       ||     9
       Potion            |     3 |       ||     3
  Eat: Chunk             |     2 |     2 ||     4
Armor: Robe              |    10 |     8 ||    18
Dodge: Dodged            |    63 |    50 ||   113
